 Dungeon Crawl Stone Soup version 0.20.1-1-g8b1a95d (webtiles) character file.

852 Zedayar the Ruffian (level 7, -1/100 HPs)
             Began as a Troll Berserker on Aug 23, 2017.
             Was a Believer of Trog.
             Slain by a gnoll
             ... wielding a +0 halberd
              (7 damage)
             ... on level 4 of the Dungeon.
             The game lasted 00:11:07 (1380 turns).

Zedayar the Ruffian (Troll Berserker)               Turns: 1380, Time: 00:11:13

Health: -1/100     AC:  5    Str: 33    XL:     7   Next: 69%
Magic:  6/6        EV: 11    Int:  3    God:    Trog [**....]
Gold:   120        SH:  0    Dex:  9    Spells: 6/6 levels left

rFire    . . .     SeeInvis .     - Unarmed
rCold    . . .     Gourm    +   (no shield)
rNeg     . . .     Faith    .   a - +0 animal skin
rPois    .         Spirit   .   (helmet restricted)
rElec    .         Reflect  .   (no cloak)
rCorr    +         Harm     .   (gloves unavailable)
MR       .....                  (boots unavailable)
Stlth    ..........             (no amulet)
Regen    0.7/turn               j - +2 ring of slaying
MPRegen  0.1/turn               i - ring of resist corrosion

@: berserking, very quick
A: unfitting armour, claws 3, fast metabolism 3, gourmand, regeneration 1,
shaggy fur 1, tough skin 2
a: Berserk, Trog's Hand, Burn Spellbooks, Renounce Religion


You were on level 4 of the Dungeon.
You worshipped Trog.
Trog was pleased with you.
You were hungry.

You visited 1 branch of the dungeon, and saw 4 of its levels.

You collected 120 gold pieces.

Inventory:

Armour
 a - a +0 animal skin (worn)
 c - a +0 buckler
Jewellery
 i - a ring of resist corrosion (right claw)
 j - a +2 ring of slaying (left claw)
Scrolls
 d - a scroll of remove curse
 k - 2 scrolls of teleportation
 l - a scroll of identify {unknown}
Potions
 h - a potion of lignification
Books
 f - a book of Cantrips

   Spells                             Type                      Level
   a - Confusing Touch                Hexes                        1
   b - Animate Skeleton               Necromancy                   1
   c - Summon Small Mammal            Summoning                    1
   d - Apportation                    Translocation                1
   Trog disapproves of the use of such an item.
Comestibles
 b - a bread ration
 g - a chunk of flesh


   Skills:
 + Level 3.6 Fighting
 + Level 4.3 Dodging
 + Level 0.1 Stealth
 * Level 7.4 Unarmed Combat


You had 6 spell levels left.
You didn't know any spells.

Dungeon Overview and Level Annotations

Branches:
Dungeon (4/15)
 Temple: D:4-7

Altars:
Nemelex Xobeh
Trog

Portals:
Ossuary: D:4


Innate Abilities, Weirdness & Mutations

You are too large for most types of armour.
You have claws for hands.
Your metabolism is lightning-fast.
You like to eat raw meat.
Your natural rate of healing is unusually fast.
You are covered in fur. (AC +1)
You have very tough skin. (AC +2)


Message History

You scratch the big kobold.
The big kobold is moderately wounded.
The kobold hits you with a dagger.
* * * LOW HITPOINT WARNING * * *
The big kobold hits you with a short sword.
* * * LOW HITPOINT WARNING * * *
You are feeling hungry.
You closely miss the big kobold.
The big kobold is moderately wounded.
The gnoll hits you from afar with a halberd.
* * * LOW HITPOINT WARNING * * *
The kobold hits you with a dagger.
* * * LOW HITPOINT WARNING * * *
It was a potion of berserk rage.
A red film seems to cover your vision as you go berserk!
You feel yourself moving faster!
You feel mighty!
The big kobold hits you with a short sword.
* * * LOW HITPOINT WARNING * * *
The gnoll hits you from afar with a halberd!
You die...

#≈≈≈≈≈≈≈≈≈≈≈≈≈≈≈≈≈≈≈≈≈≈≈≈≈≈
#≈≈≈≈≈≈≈#####≈≈≈≈≈≈≈≈≈≈≈≈≈≈
#≈≈≈≈≈≈≈#...###############
#≈≈≈≈≈≈≈#...#......## ##...
#≈≈≈≈≈≈≈#.))#.......###....
#≈≈≈≈≈≈≈##)##........#.....
##≈≈≈≈≈≈≈#....(......#.....
#...(.(.(((.'.....
#@K........(#.....
#K##........#.....
#gKK#.......###....
#Kg$#.(..(.## ##(..
#$$$######## #### #####


You could see a big kobold, a gnoll, a hobgoblin and 4 kobolds.

Vanquished Creatures
  Pikel (D:4)
  3 slaves (D:4)
  3 big kobolds (D:4)
  An orc wizard (D:4)
  Natasha (thrice) (D:4)
  A worker ant (D:4)
  4 adders
  2 leopard geckos
  2 orcs (D:4)
  A bat (D:1)
  A giant cockroach (D:2)
  2 goblins
  2 hobgoblins
  9 jackals
  19 kobolds
  A quokka (D:3)
  A frilled lizard (D:4)
  2 rats (D:1)
58 creatures vanquished.

Vanquished Creatures (others)
  2 kobolds (D:4)
2 creatures vanquished.

Grand Total: 60 creatures vanquished

Notes
Turn   | Place    | Note
-------+----------+-------------------------------------------
     0 | D:1      | Zedayar the Troll Berserker began the quest for the Orb.
     0 | D:1      | Reached XP level 1. HP: 22/22 MP: 0/0
   240 | D:1      | Reached XP level 2. HP: 22/29 MP: 1/1
   388 | D:2      | Found a sparkling altar of Nemelex Xobeh.
   479 | D:2      | Reached XP level 3. HP: 36/36 MP: 2/2
   666 | D:3      | Reached ** piety under Trog
   731 | D:4      | Reached XP level 4. HP: 43/45 MP: 3/3
   740 | D:4      | Noticed Natasha
   747 | D:4      | Killed Natasha
   747 | D:4      | Reached skill level 4 in Unarmed Combat
   762 | D:4      | Found a bloodstained altar of Trog.
   773 | D:4      | Noticed a slave
   774 | D:4      | Noticed Pikel
   774 | D:4      | Noticed a slave
   775 | D:4      | Noticed a slave
   775 | D:4      | Noticed a slave
   803 | D:4      | Reached XP level 5. HP: 9/53 MP: 4/4
   811 | D:4      | Killed a slave
   813 | D:4      | Killed a slave
   815 | D:4      | Killed a slave
   817 | D:4      | HP: 1/79 [slave[Pikel] (4)]
   818 | D:4      | Killed Pikel
   818 | D:4      | Reached skill level 6 in Unarmed Combat
   818 | D:4      | Reached XP level 6. HP: 1/61 MP: 5/5
   818 | D:4      | Reached XP level 7. HP: 1/67 MP: 6/6
  1012 | D:4      | Noticed Natasha
  1023 | D:4      | Killed Natasha
  1086 | D:4      | Found a sand-covered staircase.
  1188 | D:4      | Noticed Natasha
  1193 | D:4      | Killed Natasha
  1303 | D:4      | Reached skill level 7 in Unarmed Combat
  1380 | D:4      | Slain by a gnoll

Skill      XL: |  1  2  3  4  5  6  7 |
---------------+----------------------+-----
Fighting       | 3 |  3.6
Dodging        | 3 4 |  4.3
Unarmed Combat | 4 6 7 |  7.4
Stealth        | |  0.1

Action                   |  1- 3 |  4- 6 |  7- 9 || total
-------------------------+-------+-------+-------++-------
Melee: Unarmed           |    70 |    30 |    69 ||   169
       Punch             |     1 |       |     1 ||     2
  Use: Potion            |       |     4 |     1 ||     5
       Scroll            |       |     3 |       ||     3
  Eat: Chunk             |     2 |     1 |     2 ||     5
       Bread ration      |     1 |       |       ||     1
Armor: Animal skin       |    42 |     4 |    40 ||    86
       Skin              |       |    48 |    16 ||    64
Dodge: Dodged            |    59 |    17 |    72 ||   148
